Map: World of Sleepers LE

Players

Mez

  • Race: Terran Terran
  • League: Master
  • Spawn Location: 7:00

A.I. 1 (Very Easy) - Winner!

  • Race: Terran Terran
  • Spawn Location: 1:00

VOD

Have the link to the VOD?

Description

Time

  • Played on: Aug. 26, 2019, 10:26 p.m.
  • Length: 10:10
Show
View Real Time Build Order
Export as new Build Order

Mez Terran 

Build Orders: Liberator Opening 

Get SALT Encoding   

  12  0:00  SCV  
  13  0:13  SCV  
  14  0:16  Supply Depot  
  14  0:25  SCV  
  14  0:28  Refinery  
  15  0:38  SCV  
  16  0:45  Barracks  
  16  0:50  SCV  
  17  1:02  SCV  
  18  1:17  SCV  
  20  1:32  Reaper  
  20  1:34  Orbital Command  
  20  1:49  Supply Depot  
  20  1:54  Factory  
  20  2:01  Bunker  
  20  2:02  Bunker  
  20  2:03  SCV  
  20  2:04  Marine  
  22  2:11  Supply Depot  
  22  2:15  SCV, Refinery  
  23  2:32  Marine  
  23  2:33  SCV  
  25  2:40  Hellion  
  27  2:45  SCV, Starport  
  27  2:51  Marine  
  29  3:01  SCV  
  29  3:05  Liberator  
  30  3:06  Supply Depot  
  30  3:09  Marine  
  30  3:11  Hellion  
  36  3:31  Marine  
  37  3:35  Hellion  
  39  3:42  SCV  
  40  3:49  Marine  
  40  3:54  SCV  
  42  3:59  Supply Depot  
  42  4:01  Factory Tech Lab  
  42  4:13  SCV  
  43  4:27  Barracks Reactor  
  43  4:42  Barracks Reactor  
  43  5:03  SCV  
  44  5:17  SCV  
Show
View Real Time Build Order
Export as new Build Order

A.I. 1 (Very Easy) Terran - Winner!

Build Orders:  

Get SALT Encoding   

  12  0:00  SCV  
  13  0:13  SCV  
  14  0:18  Supply Depot  
  14  0:37  Refinery  
  14  0:42  Barracks  
  14  1:03  Supply Depot  
  14  1:12  Refinery  
  14  1:29  SCV  
  14  1:30  Marine  
  16  1:41  SCV  
  17  1:53  SCV  
  18  2:02  Marine  
  18  2:05  SCV  
  20  2:17  SCV  
  21  2:29  SCV  
  22  2:34  Marine  
  23  2:41  Orbital Command  
  23  4:14  Marine  
  23  4:18  SCV, Supply Depot  
  23  4:30  SCV  
  24  4:43  Marine  
  25  5:46  SCV, Barracks Tech Lab  
  25  5:48  Factory  
  25  5:49  Supply Depot  
  26  5:58  SCV  
  27  6:08  Marauder  
  27  6:10  SCV  
  30  6:22  SCV  
  31  6:33  Starport  
  31  6:34  SCV  
  31  6:42  Marine  
  31  6:46  SCV  
  29  6:47  Command Center  
  29  7:10  Starport Tech Lab  
  29  7:16  Marine  
  30  7:29  Raven  
  32  7:49  Marine  
  33  8:00  SCV  
  34  8:08  SCV  
  34  8:09  Refinery  
  34  8:12  Raven, Refinery  
  35  8:15  SCV  
  38  8:22  SCV  
  38  8:23  Marine  
  40  8:29  SCV  
  41  8:36  SCV  
  42  8:43  SCV  
  43  8:51  SCV  
  44  8:58  SCV  
  45  9:05  SCV  
  46  9:12  SCV  
  47  9:19  SCV  
  48  9:26  SCV  
  49  9:34  SCV  
Tags
 
Add a new tag
Caveats
  • Supply blocks, unpowered buildings, or Contaminate may cause inaccurate times.
  • Supply counts are checked every 10 seconds.